Map: Nightshade LE

Players

jdubya - Winner!

  • Race: Terran Terran
  • League: Diamond
  • Spawn Location: 11:00

DoTheCreep

  • Race: Protoss Protoss
  • League: Diamond
  • Spawn Location: 5:00

VOD

Have the link to the VOD?

Description

Time

  • Played on: Feb. 21, 2020, 1:25 a.m.
  • Length: 13:17
Show
View Real Time Build Order
Export as new Build Order

jdubya Terran - Winner!

Build Orders:  

Get SALT Encoding   

  12  0:01  SCV  
  13  0:13  SCV  
  14  0:17  Supply Depot  
  14  0:25  SCV  
  15  0:39  SCV  
  15  0:41  Barracks  
  16  0:48  Refinery  
  16  0:51  SCV  
  17  1:03  SCV  
  18  1:16  SCV  
  19  1:29  Command Center  
  20  1:34  Reaper  
  20  1:40  Orbital Command  
  20  1:47  Refinery  
  20  1:59  Barracks  
  20  2:05  SCV  
  21  2:15  Barracks Tech Lab  
  21  2:17  SCV  
  21  2:21  Supply Depot  
  22  2:29  SCV  
  23  2:31  Factory  
  23  2:38  Stimpack  
  23  2:45  SCV  
  24  2:57  SCV  
  25  3:09  SCV  
  25  3:20  Barracks Tech Lab, Factory Tech Lab  
  25  3:21  SCV  
  25  3:22  Command Center  
  26  3:29  Starport  
  26  3:39  Supply Depot  
  26  3:44  Marauder, Marine  
  29  3:54  Orbital Command  
  29  4:04  Bunker  
  29  4:07  Marine  
  29  4:08  Marine  
  31  4:13  SCV  
  32  4:22  Siege Tank  
  35  4:25  SCV  
  35  4:26  Starport Reactor  
  36  4:39  Supply Depot  
  36  4:40  SCV  
  36  4:41  SCV  
  38  4:48  Orbital Command  
  38  4:53  SCV  
  38  4:55  SCV  
  38  4:58  Refinery  
  40  5:02  Supply Depot, Engineering Bay  
  40  5:05  SCV  
  41  5:07  SCV  
  41  5:13  Siege Tank  
  45  5:17  SCV, Combat Shield  
  45  5:18  Concussive Shells  
  45  5:20  SCV x2  
  48  5:24  Medivac  
  50  5:29  Missile Turret  
  50  5:31  SCV  
  50  5:32  SCV  
  52  5:37  SCV, Refinery  
  53  5:43  SCV  
  53  5:45  Siege Tank  
  57  5:57  Missile Turret  
  57  5:58  Missile Turret  
  57  6:01  Missile Turret  
  57  6:02  Terran Infantry Weapons Level 1  
  57  6:04  Medivac x2  
  59  6:07  Marauder  
  59  6:08  SCV x2  
  59  6:10  SCV  
  66  6:18  Missile Turret x2  
  66  6:22  Missile Turret  
  66  6:32  Marauder x2  
  70  6:33  Siege Tank  
  70  6:39  Missile Turret x2  
  73  6:43  Ghost Academy  
  73  6:52  Missile Turret  
  73  6:59  Marauder x2  
  77  7:02  Medivac x2  
  77  7:03  Missile Turret  
  77  7:04  SCV x2  
  83  7:11  Siege Tank  
  86  7:24  Personal Cloaking  
  86  7:36  Supply Depot, Command Center  
  86  7:39  Barracks  
  90  7:59  Supply Depot  
  90  8:07  Medivac x2  
  90  8:11  Hellion  
  96  8:14  Armory  
  96  8:21  Unknown x2, Marauder x2, Supply Depot  
  96  8:22  Terran Infantry Armor Level 1  
  100  8:33  Hellion  
  102  8:38  Barracks Reactor  
  102  8:39  Barracks  
  102  8:42  Marauder x2  
  106  8:49  Nuke  
  106  8:54  SCV x3  
  109  9:03  Marine x2  
  109  9:06  SCV x2  
  109  9:07  SCV  
  114  9:12  Terran Vehicle Weapons Level 1  
  114  9:18  SCV  
  114  9:20  Planetary Fortress  
  114  9:22  Refinery  
  114  9:24  SCV x2, Refinery  
  116  9:30  SCV  
  118  9:32  Enhanced Shockwaves  
  118  9:36  SCV x2  
  120  9:43  SCV  
  121  9:48  SCV  
  109  10:02  Marauder x2, Marine x3  
  116  10:20  Marine x2  
  109  10:33  Marauder x2  
  109  10:34  Barracks Tech Lab  
  116  10:35  Siege Tank  
  116  10:36  Liberator x2  
  116  10:40  Barracks x2  
  116  10:41  Terran Infantry Armor Level 2  
  119  10:51  Nuke  
  114  11:06  Terran Vehicle And Ship Armor Level 1  
  114  11:07  Siege Tank  
  118  11:23  Marauder  
  118  11:24  Marine x2  
  122  11:33  Unknown x2  
  122  11:34  Marauder x2  
  118  11:55  Marine  
  118  11:56  Marauder, Marine  
  118  11:57  Siege Tank  
  118  11:58  Medivac  
  125  12:05  Barracks Reactor  
  125  12:06  Barracks Reactor  
  125  12:13  Unknown, Marauder, Marine x2  
  129  12:17  Marauder  
  126  12:23  Unknown, Marine  
  126  12:24  Nuke  
  126  12:29  Siege Tank  
  130  12:31  Marine x2  
  132  12:46  Marine  
  132  12:52  Marine x3  
  132  12:58  Supply Depot  
  132  13:00  Supply Depot  
  132  13:04  Supply Depot  
Show
View Real Time Build Order
Export as new Build Order

DoTheCreep Protoss 

Build Orders: 1 Gate Expand 

Get SALT Encoding   

  12  0:01  Probe  
  13  0:13  Probe  
  14  0:25  Probe  
  14  0:28  Pylon  
  15  0:46  Probe  
  15  0:49  Gateway  
  16  0:58  Probe  
  17  1:23  Probe  
  18  1:28  Pylon  
  18  1:33  Nexus  
  18  1:35  Probe  
  19  1:49  Cybernetics Core  
  19  1:55  Zealot  
  19  1:56  Gateway  
  21  2:02  Assimilator  
  21  2:15  Assimilator  
  21  2:16  Probe  
  22  2:28  Probe  
  23  2:44  Stalker (Chrono Boost)  
  25  2:52  Probe  
  25  2:57  Gateway  
  26  3:00  Gateway  
  26  3:04  Probe  
  25  3:07  Pylon  
  24  3:16  Zealot  
  27  3:20  Probe x2  
  28  3:32  Probe (Chrono Boost)  
  28  3:33  Twilight Council  
  29  3:36  Probe (Chrono Boost)  
  29  3:39  Warp Gate (Chrono Boost)  
  30  3:44  Probe (Chrono Boost)  
  30  3:45  Probe (Chrono Boost)  
  32  3:48  Probe (Chrono Boost)  
  32  3:51  Sentry  
  35  4:00  Nexus  
  35  4:03  Probe  
  36  4:10  Blink (Chrono Boost)  
  36  4:13  Assimilator  
  36  4:23  Forge  
  37  4:31  Probe x2  
  37  4:37  Assimilator  
  38  4:43  Probe x2  
  40  4:46  Pylon  
  40  4:51  Protoss Ground Weapons Level 1 (Chrono Boost)  
  40  4:55  Probe x2  
  42  5:04  Templar Archives  
  42  5:07  Probe x2  
  42  5:08  Gateway  
  44  5:14  Stalker  
  44  5:19  Probe  
  47  5:23  Robotics Facility  
  47  5:29  Probe x2  
  47  5:30  Psionic Storm  
  47  5:31  Probe  
  50  5:41  Probe x2  
  52  5:43  Pylon  
  52  5:44  Probe  
  52  5:46  Pylon, Sentry  
  55  5:54  Probe  
  56  5:59  Charge (Chrono Boost)  
  56  6:02  Pylon  
  56  6:06  Probe  
  56  6:07  Stalker  
  59  6:12  Observer  
  59  6:14  Probe x2  
  62  6:18  Probe  
  62  6:24  Gateway  
  62  6:25  Gateway  
  63  6:26  Pylon  
  63  6:29  Probe  
  63  6:30  Probe  
  63  6:31  Assimilator  
  65  6:37  Warp Prism  
  65  6:39  Probe  
  68  6:42  Probe  
  69  6:48  Pylon  
  69  6:51  Photon Cannon  
  69  6:54  Stalker x2  
  69  6:58  High Templar  
  69  6:59  High Templar  
  77  7:08  Stalker  
  79  7:17  Pylon  
  79  7:19  Gateway  
  79  7:20  Gateway  
  79  7:22  Stalker x3  
  85  7:29  Photon Cannon  
  85  7:30  Probe x3  
  88  7:37  Assimilator  
  88  7:42  Probe x2  
  88  7:44  Robotics Bay  
  90  7:46  Pylon  
  90  7:47  Stalker x2  
  94  7:56  Stalker  
  94  7:57  Stalker x2  
  100  8:02  Probe x3  
  103  8:14  Probe  
  103  8:17  High Templar  
  103  8:18  Stalker x3  
  103  8:19  Zealot  
  114  8:20  Pylon, Protoss Ground Armor Level 1 (Chrono Boost)  
  114  8:21  Zealot  
  116  8:30  Forge  
  116  8:35  Photon Cannon  
  116  8:42  High Templar  
  116  8:43  High Templar  
  116  8:47  Disruptor (Chrono Boost)  
  120  8:51  Archon  
  120  8:52  Zealot x3  
  129  9:00  Protoss Shields Level 1 (Chrono Boost)  
  129  9:12  Shield Battery  
  129  9:13  Nexus  
  129  9:14  Disruptor (Chrono Boost)  
  129  9:15  Stalker x2  
  136  9:34  Zealot x2  
  140  9:42  Pylon x2  
  140  9:46  Pylon  
  140  9:47  Pylon  
  140  9:49  Pylon  
  138  9:55  Pylon  
  80  10:03  Stalker  
  80  10:04  Stalker x4  
  80  10:05  Stalker x4  
  66  10:28  Stalker x2  
  66  10:29  Stalker x3, Zealot  
  66  10:30  Zealot  
  66  10:35  Stalker x2  
  73  10:56  Stalker x5  
  73  10:58  High Templar x4  
  73  11:03  Archon x2  
  70  11:20  Zealot x4  
  70  11:21  Stalker  
  64  11:41  Immortal  
  64  11:43  Pylon  
  53  12:01  Stalker x4  
  47  12:02  Stalker  
  47  12:03  High Templar x3  
  61  12:09  Archon  
  54  12:29  Zealot x2  
  44  12:30  Zealot x2  
  44  12:31  Stalker  
Tags
 
Add a new tag
Caveats
  • Supply blocks, unpowered buildings, or Contaminate may cause inaccurate times.
  • Supply counts are checked every 10 seconds.